 Dungeon Crawl Stone Soup version 0.30-a0-930-gb9d0489357 (webtiles) character file.

Game seed: 3999706334227409206

213 mopl the Slasher (level 5, -2/42 HPs)
             Began as a Merfolk Fighter on Mar 23, 2023.
             Was an Initiate of Okawaru.
             Killed by divine providence
             ... invoked by an orc priest
              (10 damage)
             ... on level 4 of the Dungeon.
             The game lasted 00:05:15 (2529 turns).

mopl the Slasher (Merfolk Fighter)                  Turns: 2529, Time: 00:05:17

Health: -2/42      AC: 12    Str: 19    XL:     5   Next: 90%
Magic:  5/5        EV: 11    Int:  7    God:    Okawaru [......]
Gold:   175        SH:  4    Dex: 13    Spells: 4/4 levels left

rFire   . . .      SeeInvis .    a - +0 long sword
rCold   . . .      Faith    .    c - +0 buckler
rNeg    . . .      Spirit   .    o - +4 ring mail
rPois   .          Reflect  .    p - +0 helmet
rElec   .          Rampage  .    g - +0 cloak
rCorr   .                        (no gloves)
Will    .....                    q - +0 pair of boots
Stlth   +                        (no amulet)
HPRegen 0.27/turn                (no ring)
MPRegen 0.09/turn                (no ring)

@: no status effects
A: (nimble swimmer 2), mertail
a: Renounce Religion


You were on level 4 of the Dungeon.
You worshipped Okawaru.
Okawaru was noncommittal.
You visited 2 branches of the dungeon, and saw 6 of its levels.

You collected 175 gold pieces.

Inventory:

Hand Weapons
 a - a +0 long sword (weapon)
 l - a +1 dagger of electrocution
Missiles
 b - 3 poisoned darts
 i - 2 boomerangs (quivered)
Armour
 c - a +0 buckler (worn)
 g - a +0 cloak (worn)
 o - a +4 ring mail (worn)
 p - a +0 helmet (worn)
 q - a +0 pair of boots (worn)
Wands
 A - a wand of paralysis (3)
Scrolls
 e - 3 scrolls of identify {unknown}
 f - a scroll of silence {unknown}
 h - a scroll of poison {unknown}
 k - a scroll of noise
 n - a scroll of teleportation {unknown}
 r - a scroll of enchant armour {unknown}
 s - a scroll of magic mapping {unknown}
 t - a scroll of fear {unknown}
 w - a scroll of blinking {unknown}
 y - a scroll of vulnerability {unknown}
Potions
 d - 2 potions of might
 j - 3 potions of curing
 m - a potion of degeneration {unknown}
 u - 2 potions of brilliance {unknown}
 v - 2 potions of invisibility {unknown}
 x - a potion of heal wounds {unknown}
 z - a potion of cancellation {unknown}


   Skills:
 + Level 4.1 Fighting
 * Level 4.6 Long Blades
 + Level 1.6 Throwing
 + Level 2.7 Armour
 + Level 2.7 Dodging
 - Level 3.0 Shields
 + Level 0.1 Invocations
 + Level 0.0 Evocations


You had 4 spell levels left.
You didn't know any spells.
Your spell library contained the following spells:

 Spells                   Type           Power      Damage    Failure   Level
 Sandblast                Erth           0%         2d4       71%         1
 Slow                     Hex            0%         N/A       71%         1
 Passwall                 Tmut/Erth      0%         N/A       85%         2
 Confusing Touch          Hex            0%         N/A       97%         3
 Stone Arrow              Conj/Erth      0%         3d7       97%         3
 Vampiric Draining        Necr           0%         2d6       97%         3
 Summon Small Mammal      Summ           Unusable   N/A       N/A         1
 Call Canine Familiar     Summ           Unusable   N/A       N/A         3
 Summon Guardian Golem    Hex/Summ       Unusable   N/A       N/A         3

Dungeon Overview and Level Annotations

Branches:
Dungeon (5/15)             Temple (1/1) D:4

Altars:
Dithmenos
Fedhas
Hepliaklqana
Kikubaaqudgha
Makhleb
Nemelex Xobeh
Okawaru
Qazlal
Sif Muna
Uskayaw
Vehumet
Wu Jian
Xom
Zin
The Shining One


Innate Abilities, Weirdness & Mutations

((You are very nimble when in or above water. (Stealth+, EV+, Speed+++)))
Your lower body shifts to a powerful aquatic tail in water.


Message History

The adder is almost dead.
You feel sick. The adder bites you but does no damage. The adder bites you.
The adder closely misses you. x2
You closely miss the adder.
The adder is almost dead.
You feel sick. The adder closely misses you. The adder barely misses you.
You barely miss the adder.
The adder is severely wounded.
You feel sick.
The adder bites you but does no damage. x2
The orc priest closely misses you. You block the adder's attack.
The adder bites you but does no damage.
It was a potion of curing.
You feel better.
The orc priest hits you from afar with a +0 trident.
The adder bites you but does no damage. You block the adder's attack.
Okay, then.
As you read the scroll labelled WACKIH RELEMIMN, it crumbles to dust.
You hear a loud clanging noise!
It was a scroll of noise.
You hear a shout!
You hear a bark!
You hear an angry hiss.
You hear a shout! x5
The adder bites you but does no damage. The orc priest barely misses you.
You block the adder's attack.
You miss the adder.
The adder is severely wounded.
You block the adder's attack. x2
The orc priest hits you but does no damage.
You block the adder's attack. The adder barely misses you.
The orc priest hits you from afar with a +0 trident.
You hit the adder but do no damage.
The adder is severely wounded.
The adder bites you but does no damage. The adder completely misses you.
The orc priest hits you from afar with a +0 trident!
* * * LOW HITPOINT WARNING * * *
You block the adder's attack.
You hit the adder.
The adder is almost dead.
You block the adder's attack. The adder closely misses you.
A goblin comes into view. It is wielding a +0 club.
The orc priest mumbles some strange prayers to Beogh against you.
Beogh smites you!
You die...

#.#.. #....# #### ..
..#.. .....# [..# ..
#### ###. ##...# ##.....
......o .......## .#
g.....S@# ########'##.
......#S#####...........
..... #gg.Sgg.......<...
#### #######..........o
#..g........
#...........
#...........
#...........
#...........


You could see an orc priest, a gnoll, 2 adders, a hobgoblin and a goblin.

Vanquished Creatures
  A phantom (D:4)
  Robin (D:2)
  3 adders
  2 worms (D:2)
  A dart slug (D:1)
  5 orcs
  6 ball pythons
  4 endoplasms
  A giant cockroach (D:1)
  15 goblins
  9 hobgoblins
  3 quokkas
  11 bats
  2 frilled lizards
  9 kobolds
  7 rats
80 creatures vanquished.

Notes
Turn   | Place    | Note
-------+----------+-------------------------------------------
     0 | D:1      | mopl the Merfolk Fighter began the quest for the Orb.
     0 | D:1      | Reached XP level 1. HP: 18/18 MP: 1/1
   154 | D:1      | Reached XP level 2. HP: 19/24 MP: 2/2
   247 | D:1      | Reached skill level 1 in Dodging
   262 | D:1      | Reached skill level 3 in Long Blades
   799 | D:2      | Reached XP level 3. HP: 29/29 MP: 3/3
   814 | D:2      | Noticed Robin
  1007 | D:2      | Killed Robin
  1016 | D:2      | Reached XP level 4. HP: 37/37 MP: 4/4
  1120 | D:2      | Reached skill level 1 in Throwing
  1281 | D:2      | Reached skill level 2 in Dodging
  1600 | D:3      | Reached skill level 4 in Long Blades
  1648 | D:3      | Reached XP level 5. HP: 33/42 MP: 5/5
  1662 | D:3      | Reached skill level 4 in Fighting
  1688 | D:3      | Found a blossoming altar of Fedhas.
  2023 | D:4      | Noticed an orc warrior
  2113 | D:4      | Noticed a phantom
  2126 | D:4      | Killed a phantom
  2234 | D:4      | You fall into a shaft and drop 1 floor!
  2234 | D:5      | Entered Level 5 of the Dungeon
  2292 | D:4      | Found a staircase to the Ecumenical Temple.
  2292 | D:4      | Noticed a phantom
  2301 | Temple   | Entered the Ecumenical Temple
  2370 | Temple   | Became a worshipper of Warmaster Okawaru
  2529 | D:4      | Killed from afar by an orc priest

Illustrated notes

Levels and vault maps discovered:
D:1:      dpeg_arrival_lava_temple_mockup, layout_loops_ring, serial_rivers,
          chequers_serial_rivers_small_b, chequers_serial_rivers_small_a,
          chequers_serial_rivers_room_a, chequers_serial_rivers_small_3
D:2:      layout_rooms, uniq_robin
D:3:      layout_basic, fedhas_altar_2, minmay_misc_feat_secret_circle
D:4:      layout_basic, yredelemnul_forgotten_temple_becter,
          minmay_temple_entry_waves, portal_sewer_entry_e, minmay_vboxes
D:5:      layout_basic, hangedman_glass_teeth, chequers_serial_rivers_small_b
Temple:   regret_index_temple_waves

Skill      XL: |  1  2  3  4  5 |
---------------+----------------+-----
Dodging        | 1 2 |  2.7
Long Blades    | 3 4 |  4.6
Throwing       | 1 |  1.6
Fighting       | 4 |  4.1
Armour         | |  2.7
Shields        | |  3.0
Invocations    | |  0.1

Action                     |  1- 3 |  4- 6 || total
---------------------------+-------+-------++-------
  Melee: Long sword        |   100 |   188 ||   288
         Dagger            |       |     8 ||     8
  Evoke: Wand              |       |     5 ||     5
    Use: Scroll            |       |     1 ||     1
         Potion            |       |     1 ||     1
   Stab: Paralysed         |       |     7 ||     7
 Armour: Scale mail        |    30 |       ||    30
         Chain mail        |     7 |       ||     7
         Ring mail         |    58 |   151 ||   209
  Dodge: Dodged            |    67 |   154 ||   221
  Block: Buckler           |    40 |    64 ||   104

Table legend: (Time is in decaauts)
 A = Elapsed time spent in this place.
 B = Non-inter-level travel time spent in this place.
 C = Inter-level travel time spent in this place.
 D = Time resting spent in this place.
 E = Time spent auto-exploring this place.
 F = Levels seen in this place.
 G = Mean time per level.
                   A        B        C        D        E       F      G
               +--------+--------+--------+--------+--------+-----+--------+
         Total |   2588 |   2338 |    250 |    134 |   1241 |   6 |  431.3 |
       Dungeon |   2472 |   2267 |    205 |    134 |   1241 |   5 |  494.4 |
        Temple |    116 |     71 |     45 |      0 |      0 |   1 |  116.0 |
               +--------+--------+--------+--------+--------+-----+--------+

Top non-repeatable levels by time:
     D:1: 957 daAuts
     D:3: 673 daAuts
     D:2: 534 daAuts
     D:4: 296 daAuts
  Temple: 116 daAuts
     D:5: 10 daAuts
